 Dungeon Crawl Stone Soup version 0.25-a0-697-g890751e744 (webtiles) character file.

Game seed: 5351235476806460403, levelgen mode: deterministic

696 Ashen the Gusty (level 7, -4/40 HPs)
             Began as a Tengu Air Elementalist on Apr 1, 2020.
             Slain by Prince Ribbit (9 damage)
             ... on level 5 of the Dungeon.
             The game lasted 00:21:46 (5931 turns).

Ashen the Gusty (Tengu Air Elementalist)            Turns: 5931, Time: 00:21:46

Health: -4/40      AC:  4    Str:  8    XL:     7   Next: 64%
Magic:  9/13       EV: 17    Int: 18    God:
Gold:   191        SH:  0    Dex: 14    Spells: 3/13 levels left

rFire    . . .     SeeInvis +   r - +1 falchion (holy)
rCold    . . .     Gourm    .   (no shield)
rNeg     . . .     Faith    .   a - +0 robe
rPois    .         Spirit   .   (helmet restricted)
rElec    .         Reflect  .   (no cloak)
rCorr    .         Harm     +   f - +1 pair of gloves
MR       .....                  (boots unavailable)
Stlth    +++.......             d - amulet of harm
HPRegen  0.13/turn              i - ring of see invisible
MPRegen  0.13/turn              (no ring)

@: flying quickly and evasively, quick
A: beak, talons 3, able to fly
a: Stop Flying


You were on level 5 of the Dungeon.
You were not hungry.

You visited 1 branch of the dungeon, and saw 6 of its levels.

You collected 379 gold pieces.
You spent 188 gold pieces at shops.

Inventory:

Hand Weapons
 p - a +2 dagger of draining
 r - a +1 falchion of holy wrath (weapon)
 D - a cursed -1 rapier
Missiles
 h - 51 poisoned darts (quivered)
Armour
 a - a +0 robe (worn)
 f - a +1 pair of gloves (worn)
 C - the +1 ring mail of the Sky {rF++ Dex+4}
   (You found it on level 5 of the Dungeon)

   It affects your dexterity (+4).
   It greatly protects you from fire.
Jewellery
 d - an amulet of harm (around neck)
 i - a ring of see invisible (left hand)
 s - a +3 amulet of reflection
 t - an uncursed amulet of guardian spirit {unknown}
Wands
 A - a wand of paralysis (9)
Scrolls
 b - 4 scrolls of amnesia
 n - 3 scrolls of teleportation
 v - a scroll of immolation {unknown}
 x - 2 scrolls of identify
 y - a scroll of noise {unknown}
 z - a scroll of silence {unknown}
 B - a scroll of remove curse
Potions
 e - a potion of cancellation
 g - a potion of haste
 j - a potion of invisibility
 k - a potion of lignification
 l - a potion of curing
 o - a potion of brilliance {unknown}
 q - a potion of might {unknown}
 u - 2 potions of flight {unknown}
 w - a potion of heal wounds {unknown}
Comestibles
 c - 10 rations


   Skills:
 + Level 2.8 Fighting
 + Level 4.3 Dodging
 + Level 4.0 Stealth
 + Level 3.6 Spellcasting
 + Level 4.3 Conjurations
 + Level 5.9 Air Magic


You had 3 spell levels left.
You knew the following spells:

 Your Spells              Type           Power        Failure   Level  Hunger
a - Shock                 Conj/Air       ###.         1%          1    None
b - Swiftness             Chrm/Air       ##......     7%          2    ##.....
c - Static Discharge      Conj/Air       ###.....     5%          3    ###....
d - Airstrike             Air            ###.......   14%         4    ####...

Your spell library contained the following spells:

 Spells                   Type           Power        Failure   Level  Hunger
 Confusing Touch          Hex            #.......     43%         3    ###....
 Gell's Gravitas          Tloc           #.........   43%         3    ###....
 Lightning Bolt           Conj/Air       ###.......   45%         5    ######.
 Petrify                  Tmut/Erth      #.......     83%         4    ####...
 Metabolic Englaciation   Hex/Ice        #.........   99%         5    ######.
 Yara's Violent Unravell  Hex/Tmut       #.........   99%         5    ######.


Dungeon Overview and Level Annotations

Branches:
Dungeon (6/15)
 Temple: D:4-7

Altars:
Dithmenos
Gozag

Shops:
D:4 =

Annotations:
D:2 Sigmund
D:3 2 runed translucent doors, Ontamu's ghost, amateur GnIE
D:5 Prince Ribbit
D:6 Dowan; Duvessa


Innate Abilities, Weirdness & Mutations

You have a beak for a mouth.
You have claws for feet.
You can fly continuously.


Message History

Duvessa is moderately wounded.
Casting: Shock (safe; 1% risk of failure)
Confirm with . or Enter, or press ? or * to list all spells.
Aiming: Shock (safe; 1% risk of failure)
Press: ? - help, Shift-Dir - straight line, f/p - Duvessa
Aim: Duvessa, wielding a +0 rapier and wearing a +0 leather armour (moderately wounded)
The zap hits Duvessa.
Duvessa is heavily wounded.
Duvessa completely misses you.
You fly upwards.
Level annotation: Prince Ribbit Prince Ribbit hits you! x2
* * * LOW HITPOINT WARNING * * *
There is a stone staircase leading down, spattered with blood here.
You feel better. Prince Ribbit closely misses you.
Prince Ribbit blinks!
Prince Ribbit hits you!
* * * LOW HITPOINT WARNING * * *
Prince Ribbit hits you!
You die...

.##.......##....^8^..............
.#####'#####...###########.......
###.......#########......#.......
..#.....)................#.......
..#....))................'.......
..#..............#########.......
.##.......##.....##......#..(....
###.......##.....##......#.......
.#........##....@##......#.......
.#.(......#......F.......#.......
.#........#......##....>.#.....##
.#........#......##......#.....#
.#........#..............#.....#
.#######..###....##...)..#.....#
.#.....#..###....##......#.....##
##.....#..(ยง.....##########'###..
#.....#.........##......##...#..


You could see Prince Ribbit.

Vanquished Creatures
  An ogre (D:4)
  A howler monkey (D:4)
  A crimson imp (D:5)
  An orc priest (D:5)
  A bullfrog skeleton (D:4)
  2 hounds
  6 orc wizards
  A worker ant (D:5)
  Robin (D:2)
  5 adders
  A shadow imp (D:6)
  An ooze (D:3)
  2 worms (D:3)
  7 dart slugs
  5 leopard geckos
  22 orcs
  2 ball pythons
  10 giant cockroaches
  17 goblins
  11 hobgoblins
  3 quokkas
  7 bats
  9 frilled lizards
  A jackal skeleton (D:4)
  4 kobolds
  A leopard gecko skeleton (D:5)
  A quokka skeleton (D:4)
  10 rats
134 creatures vanquished.

Notes
Turn   | Place    | Note
-------+----------+-------------------------------------------
     0 | D:1      | Ashen the Tengu Air Elementalist began the quest for the
                  | Orb.
     0 | D:1      | Reached XP level 1. HP: 10/10 MP: 4/4
   200 | D:1      | Reached XP level 2. HP: 15/15 MP: 4/6
   484 | D:1      | Reached XP level 3. HP: 13/19 MP: 4/7
   552 | D:1      | You fall into a shaft and drop 1 floor!
   789 | D:2      | Noticed Sigmund
   908 | D:3      | Found a shadowy altar of Dithmenos,
   925 | D:3      | Found a runed translucent door,
   930 | D:3      | Noticed Ontamu's ghost (amateur GnIE)
  1060 | D:3      | Learned a level 2 spell: Swiftness
  1064 | D:3      | Learned a level 3 spell: Static Discharge
  1506 | D:3      | Reached XP level 4. HP: 24/24 MP: 0/8
  1570 | D:3      | Reached skill level 1 in Fighting
  1590 | D:3      | Found a runed translucent door,
  2779 | D:1      | Gained mutation: You can fly continuously. [Tengu growth]
  2779 | D:1      | Reached XP level 5. HP: 25/29 MP: 7/9
  2924 | D:2      | Noticed Robin
  3643 | D:2      | Killed Robin
  3961 | D:4      | Reached skill level 5 in Air Magic
  3985 | D:4      | Noticed an ogre
  4016 | D:4      | Found Ishonn's Jewellery Emporium,
  4024 | D:4      | Bought a +3 amulet of reflection for 188 gold pieces
  4097 | D:4      | Reached XP level 6. HP: 35/35 MP: 11/11
  4601 | D:4      | Reached XP level 7. HP: 39/40 MP: 3/12
  4738 | D:5      | Entered Level 5 of the Dungeon
  5528 | D:5      | Got a transparent ring mail
  5539 | D:5      | Identified the +1 ring mail of the Sky {rF++ Dex+4} (You
                  | found it on level 5 of the Dungeon)
  5647 | D:5      | Learned a level 4 spell: Airstrike
  5679 | D:6      | Found an opulent altar of Gozag,
  5724 | D:6      | Noticed Prince Ribbit
  5823 | D:6      | Noticed Dowan
  5823 | D:6      | Noticed Duvessa
  5931 | D:5      | Slain by Prince Ribbit

Levels and vault maps discovered:
D:1:      ncdulo_watergridlock, layout_loops_ring, corexii_leaking_fountain,
          grunt_decor_mini_mirrors, minmay_pentomino_t2
D:2:      layout_basic, uniq_sigmund, uniq_robin
D:3:      layout_basic, ebering_ghost_sewer_f, gup_sewer_entry_bubbles,
          nicolae_dithmenos_shadow_blocks
D:4:      layout_loops_cross, serial_shops, shop_statue
D:5:      layout_gridville, first_ration, ebering_dispersal_statue_hall
D:6:      layout_basic, minmay_temple_entry_hall, nicolae_gozag_seed_capital,
          uniq_duvessa, uniq_prince_ribbit1

Skill      XL: |  1  2  3  4  5  6  7 |
---------------+----------------------+-----
Conjurations   | 2 3 4 |  4.3
Fighting       | 1 2 |  2.8
Dodging        | 3 4 |  4.3
Stealth        | 3 4 |  4.0
Air Magic      | 5 |  5.9
Spellcasting   | 3 |  3.6

Action                   |  1- 3 |  4- 6 |  7- 9 || total
-------------------------+-------+-------+-------++-------
Melee: Unarmed           |    55 |       |       ||    55
       Kick              |    11 |    13 |     7 ||    31
       Peck              |     4 |    14 |     4 ||    22
       Spear             |     5 |    48 |       ||    53
       Dagger            |       |    29 |       ||    29
       Falchion          |       |    28 |    33 ||    61
 Cast: Shock             |    67 |    89 |    23 ||   179
       Static Discharge  |       |     2 |     2 ||     4
 Abil: Fly               |       |     1 |       ||     1
  Use: Scroll            |     6 |     3 |       ||     9
       Potion            |       |     1 |     1 ||     2
 Stab: Sleeping          |     4 |     1 |     5 ||    10
  Eat: Chunk             |     2 |    11 |     4 ||    17
Armor: Robe              |    14 |    21 |     3 ||    38
Dodge: Dodged            |    54 |    93 |    35 ||   182
       Rpst.: Falchion   |       |    10 |    12 ||    22

Table legend:
 A = Non-vault XP
 B = Vault XP
 C = Vault XP percentage of total XP
 D = Non-vault monster count
 E = Vault monster count
 F = Vault count percentage of total count
                 A         B        C        D         E       F
            +---------+---------+-------+---------+---------+-------
      Total |     936 |      59 |   5.9 |     112 |      22 |  16.4
            +---------+---------+-------+---------+---------+-------
        D:1 |      54 |       6 |  10.0 |      32 |       4 |  11.1
        D:2 |      44 |      34 |  43.6 |      18 |      10 |  35.7
        D:3 |      61 |      19 |  23.8 |      15 |       8 |  34.8
        D:4 |     409 |       0 |   0.0 |      22 |       0 |   0.0
        D:5 |     309 |       0 |   0.0 |      22 |       0 |   0.0
        D:6 |      59 |       0 |   0.0 |       3 |       0 |   0.0
            +---------+---------+-------+---------+---------+-------
